 Dungeon Crawl Stone Soup version 0.29.1-1-gd02db6906a (webtiles) character file.

Game seed: 6897471685217961058

595 Sabo the Magician (level 7, 0/37 HPs)
             Began as a Deep Elf Air Elementalist on Oct 3, 2022.
             Slain by an iguana (5 damage)
             ... on level 5 of the Dungeon on Oct 4, 2022.
             The game lasted 00:38:45 (5490 turns).

Sabo the Magician (Deep Elf Air Elementalist)       Turns: 5490, Time: 00:38:45

Health: 0/37       AC:  5    Str:  5    XL:     7   Next: 17%
Magic:  18/18      EV: 14    Int: 22    God:
Gold:   187        SH:  0    Dex: 21    Spells: 15/18 levels left

rFire   . . .      SeeInvis .   n - staff of air
rCold   . . .      Faith    .   (no shield)
rNeg    . . .      Spirit   .   a - +0 robe
rPois   .          Reflect  .   (no helmet)
rElec   +          Harm     .   y - +0 cloak
rCorr   .          Rampage  .   f - +0 pair of gloves
Will    .....                   g - +0 pair of boots
Stlth   +++.......              (no amulet)
HPRegen 0.12/turn               C - +6 ring of dexterity
MPRegen 0.16/turn               u - +4 ring of slaying

@: no status effects
A: no striking features
a: no special abilities


You were on level 5 of the Dungeon.
You visited 1 branch of the dungeon, and saw 5 of its levels.

You collected 187 gold pieces.

Inventory:

Hand Weapons
 e - a +0 rapier
 h - a +0 hand axe
Missiles
 d - 15 poisoned darts
 w - 6 boomerangs of dispersal
 z - 3 javelins (quivered)
Armour
 a - a +0 robe (worn)
 f - a +0 pair of gloves (worn)
 g - a +0 pair of boots (worn)
 s - the +0 robe of Imperfection {Rampage Str+5 Int-4 SInv}
   (You found it on level 3 of the Dungeon)

   Str:       It affects your strength (+5).
   Int:       It affects your intelligence (-4).
   SInv:      It lets you see invisible.
   Rampage:   It bestows one free step when moving towards enemies.
 y - a +0 cloak (worn)
Magical Staves
 n - a staff of air (weapon)
Jewellery
 k - a ring of flight
 u - a +4 ring of slaying (right hand)
 C - a +6 ring of dexterity (left hand)
Wands
 B - a wand of flame (13)
Scrolls
 o - a scroll of enchant weapon
 t - a scroll of fear
 v - 3 scrolls of teleportation {unknown}
 x - a scroll of butterflies {unknown}
 A - a scroll of poison {unknown}
Potions
 b - a potion of magic
 c - a potion of might {unknown}
 i - a potion of degeneration {unknown}
 j - a potion of lignification {unknown}
 l - a potion of mutation {unknown}
 m - a potion of ambrosia {unknown}
 p - a potion of curing
 q - a potion of invisibility
 r - a potion of flight {unknown}


   Skills:
 + Level 0.7 Fighting
 + Level 2.2 Staves
 + Level 3.5 Dodging
 + Level 3.2 Stealth
 + Level 6.2 Spellcasting
 + Level 3.5 Conjurations
 + Level 0.1 Translocations
 + Level 4.8 Air Magic


You had 15 spell levels left.
You knew the following spells:

 Your Spells              Type           Power      Damage    Failure   Level
a - Shock                 Conj/Air       100%       1d9       1%          1
b - Blink                 Tloc           14%        N/A       12%         2

Your spell library contained the following spells:

 Spells                   Type           Power      Damage    Failure   Level
 Static Discharge         Conj/Air       38%        3-8/arc   2%          2
 Swiftness                Air            42%        N/A       3%          3
 Airstrike                Air            21%        2d(3-19)  12%         4
 Lesser Beckoning         Tloc           7%         N/A       24%         3
 Manifold Assault         Tloc           7%         N/A       92%         5


Dungeon Overview and Level Annotations

Branches:
Dungeon (5/15)
 Temple: D:4-7

Altars:
Cheibriados
Uskayaw
The Shining One


Message History

Aim: an iguana (severely wounded, 77% to hit)
You feel a surge of power!
The zap hits the iguana.
The iguana is almost dead.
You hit the iguana.
You kill the iguana!
You start resting.
Magic restored.
You start waiting.
Done waiting.
You remove your ring of flight.
You float gracefully downwards.
You feel agile.
C - a +6 ring of dexterity (left hand)
Found 8 gold pieces.
You now have 187 gold pieces (gained 10).
An iguana comes into view.
The iguana hisses angrily.
The iguana bites you but does no damage.
You see here 8 gold pieces.
You hit the iguana but do no damage. The iguana bites you!
You hit the iguana.
The iguana is electrocuted.
The iguana is lightly wounded.
The iguana bites you! The iguana closely misses you.
You hit the iguana.
The iguana is heavily wounded.
The iguana barely misses you.
You hit the iguana!
The iguana is electrocuted.
The iguana is almost dead.
The iguana bites you.
You barely miss the iguana.
The iguana is almost dead.
The iguana bites you!
* * * LOW HITPOINT WARNING * * *
You closely miss the iguana.
The iguana is almost dead.
The iguana bites you.
* * * LOW HITPOINT WARNING * * *
You barely miss the iguana.
The iguana is almost dead.
The iguana bites you.
You die...

#.# #.# ## #.# .# ##.## .# #...#
.# #...##########.###.# #.#
#...##.......@l....# #.#
#.......######.#######.#
####..#............. ..#.# ##
.........<..######...##.#.# #.
.###..#.#....### #...##.#.# #.
...^....#......###...##.#.######.
................................>
.............#.#.##.###.#.######.
######.........#......#.#.# #.


You could see an iguana.

Vanquished Creatures
  A black bear (D:4)
  A necrophage (D:3)
  A scorpion (D:4)
  2 hounds (D:5)
  An orc priest (D:4)
  A jelly (D:5)
  3 iguanas
  2 orc wizards (D:4)
  7 adders
  2 worms (D:3)
  9 orcs
  7 ball pythons
  3 bats
  8 endoplasms
  8 giant cockroaches
  4 goblins
  6 hobgoblins
  5 quokkas
  2 frilled lizards
  7 kobolds
  7 rats
87 creatures vanquished.

Notes
Turn   | Place    | Note
-------+----------+-------------------------------------------
     0 | D:1      | Sabo the Deep Elf Air Elementalist began the quest for the
                  | Orb.
     0 | D:1      | Reached XP level 1. HP: 10/10 MP: 6/6
   611 | D:1      | Reached XP level 2. HP: 7/15 MP: 8/8
  1246 | D:2      | Reached XP level 3. HP: 19/19 MP: 5/10
  1791 | D:2      | Learned a level 2 spell: Blink
  2151 | D:3      | Noticed a necrophage
  2160 | D:3      | Killed a necrophage
  2161 | D:3      | Reached skill level 4 in Spellcasting
  2161 | D:3      | Reached XP level 4. HP: 8/24 MP: 3/12
  2467 | D:3      | Identified the +0 robe of Imperfection {Rampage Str+5 Int-4
                  | SInv}
  2785 | D:3      | Reached skill level 1 in Staves
  2911 | D:3      | Reached XP level 5. HP: 17/28 MP: 9/13
  3695 | D:4      | Reached skill level 5 in Spellcasting
  4200 | D:4      | Reached XP level 6. HP: 33/33 MP: 12/16
  4686 | D:4      | HP: 1/33 [poisoned by a scorpion]
  4907 | D:5      | Entered Level 5 of the Dungeon
  5000 | D:5      | Reached skill level 6 in Spellcasting
  5035 | D:5      | Found a hide-covered altar of Uskayaw.
  5039 | D:5      | Reached XP level 7. HP: 37/37 MP: 15/18
  5237 | D:5      | Found a glowing golden altar of the Shining One.
  5237 | D:5      | Found a snail-covered altar of Cheibriados.
  5490 | D:5      | Slain by an iguana

Illustrated notes

Levels and vault maps discovered:
D:1:      scummos_arrival_simple_fountains, layout_loops_ring
D:2:      layout_rooms, serial_park_tiny_2, lemuel_flame_loot_1,
          uniq_crazy_yiuf_cottage
D:3:      layout_basic
D:4:      layout_loops_cross, grunt_decor_junction
D:5:      layout_basic, mainiacjoe_overflow_small_starburst,
          grunt_temple_overflow_open, temple_pool_b

Skill      XL: |  1  2  3  4  5  6 |
---------------+-------------------+-----
Spellcasting   | 4 5 6 |  6.2
Air Magic      | 4 |  4.8
Conjurations   | 2 3 |  3.5
Staves         | 1 2 |  2.2
Dodging        | 3 |  3.5
Stealth        | 3 |  3.2
Fighting       | |  0.7
Translocations | |  0.1

Action                   |  1- 3 |  4- 6 |  7- 9 || total
-------------------------+-------+-------+-------++-------
Melee: Whip              |     6 |       |       ||     6
       Staff             |    31 |    29 |     8 ||    68
       Punch             |     1 |       |       ||     1
 Cast: Shock             |    63 |    95 |    14 ||   172
       Blink             |     2 |       |       ||     2
  Use: Scroll            |     3 |     1 |       ||     4
       Potion            |       |     2 |       ||     2
Armor: Robe              |    12 |     9 |     1 ||    22
Dodge: Dodged            |    29 |    27 |     2 ||    58
